 Dungeon Crawl Stone Soup version 0.28.0 (webtiles) character file.

Game seed: 6271387881711629699

3 ProzacElf the Sneak (level 1, -8/18 HPs)
             Began as a Merfolk Delver on Feb 17, 2022.
             Mangled by Duvessa (14 damage)
             ... on level 4 of the Dungeon.
             The game lasted 00:00:55 (180 turns).

ProzacElf the Sneak (Merfolk Delver)                 Turns: 180, Time: 00:00:55

Health: -8/18      AC:  4    Str: 12    XL:     1   Next: 50%
Magic:  1/1        EV: 12    Int:  9    God:
Gold:   0          SH:  0    Dex: 15    Spells: 0/0 levels left

rFire   + . .      SeeInvis .   a - +0 spear
rCold   + . .      Faith    .   (no shield)
rNeg    . . .      Spirit   .   i - +2 robe {rC+ rF+}
rPois   .          Reflect  .   (no helmet)
rElec   .          Harm     .   (no cloak)
rCorr   .          Rampage  .   (no gloves)
Will    .....                   (no boots)
Stlth   +++.......              (no amulet)
HPRegen 0.06/turn               (no ring)
MPRegen 0.07/turn               (no ring)

@: hasted, very quick
A: (nimble swimmer 2), mertail
a: no special abilities


You were on level 4 of the Dungeon.
You visited 1 branch of the dungeon, and saw 2 of its levels.

Inventory:

Hand Weapons
 a - a +0 spear (weapon)
Armour
 b - a +0 leather armour
 i - a +2 robe of resistance (worn)
Wands
 g - a wand of digging (3)
Scrolls
 c - a scroll of fog
 d - a scroll of magic mapping
Potions
 h - a potion of might {unknown}


   Skills:
 - Level 3.2 Fighting
 + Level 3.2 Polearms
 - Level 2.6 Dodging
 + Level 5.5 Stealth


You couldn't memorise any spells.
You didn't know any spells.
Your spell library was empty.

Dungeon Overview and Level Annotations

Branches:
Dungeon (5/15)
 Temple: D:4-7

Altars:

Annotations:
D:4 Dowan, Duvessa, Sigmund


Innate Abilities, Weirdness & Mutations

((You are very nimble when in or above water. (Stealth+, EV+, Speed+++)))
Your lower body shifts to a powerful aquatic tail in water.


Message History

A hound comes inta view.
An iguana comes inta view.
A hound comes inta view.
Ye reach ta attack!
Tha helpless quokka fails ta defend itself.
Ye hit tha quokka.
Tha quokka be heavily wounded.
Tha quokka bites ye but does nay damage.
Thar be a stone staircase leadin' up 'ere.
Tha quokka bites ye but does nay damage.
Tha quokka bites ye.
Ye climb upwards.
Duvessa shouts!
Found 17 gold pieces.
Thar be a stone staircase leadin' down 'ere.
Ye take 2 damage, an' haf 16/18 hp.
Ye barely miss tha quokka.
Tha quokka be heavily wounded.
Tha quokka bites ye.
Ye take 3 damage, an' haf 13/18 hp.
Okay, than.
Duvessa says, "Where magic fails, tha sword succeeds!"
Tha quokka bites ye.
Dowan casts a spell.
Dowan blinks!
Ye take 2 damage, an' haf 11/18 hp.
As ye read tha scroll o' fear, it crumbles ta dust.
Ye assume a fearsome visage.
Duvessa easily resists.
Dowan looks frighten'd!
Tha quokka looks frighten'd!
Duvessa barely misses ye.
Sigmund tha Dreaded comes inta view. 'e be wieldin' a +0 scytha.
Dowan casts a spell.
Dowan blinks!
Duvessa hits ye wit' a +0 rapier.
Ye take 5 damage, an' haf 6/18 hp.
MASSIVE DAMAGE!!
Dowan mumbles some strange words.
Dowan blinks!
Dowan mumbles some strange words.
Dowan blinks!
Ye feel yerself speed up.
Duvessa hits ye wit' a +0 rapier!
Ouch! Tha re'lly hurt!
Ye die...

### .. .# ##.#
#..# ####@#
#####..e.#
##.....####
##.......#
#.>...e...#
#.........#
#.....@.....
#r....ยง...#...
#........$....


You could see Duvessa.

Vanquished Creatures
  An adder zombie (D:5)
1 creature vanquished.

Notes
Turn   | Place    | Note
-------+----------+-------------------------------------------
     0 | D:5      | ProzacElf the Merfolk Delver began the quest for the Orb.
     0 | D:5      | Reached XP level 1. HP: 18/18 MP: 1/1
   161 | D:5      | Noticed a hound
   162 | D:5      | Noticed an iguana
   163 | D:5      | Noticed a hound
   169 | D:4      | Noticed Duvessa
   169 | D:4      | Noticed Dowan
   174 | D:4      | Noticed Sigmund
   180 | D:4      | Mangled by Duvessa

Illustrated notes

Levels and vault maps discovered:
D:4:      layout_rooms, riverfiend_overflow_shadow_ancestor,
          serial_bayou_ford_a, uniq_duvessa, uniq_sigmund
D:5:      layout_rooms, nicolae_vehumet_altar_sigil, corner_web_ring,
          nicolae_zen_rock_garden, uniq_blork_the_orc

Action                   || total
-------------------------++-------
Melee: Spear             ||    14
  Use: Scroll            ||     1
       Potion            ||     1
 Stab: Sleeping          ||     1
Armor: Robe              ||     4
Dodge: Dodged            ||     5
